 Dungeon Crawl Stone Soup version 0.30-a0-313-gae38170b09 (webtiles) character file.

Game seed: 18112827771037982146

1 PapaRoan the Ruffian (level 1, -2/16 HPs)
             Began as a Draconian Transmuter on Oct 26, 2022.
             Slain by a worm (10 damage)
             ... on level 2 of the Dungeon.
             The game lasted 00:02:45 (167 turns).

PapaRoan the Ruffian (Draconian Transmuter)          Turns: 167, Time: 00:02:47

Health: -2/16      AC:  4    Str: 12    XL:     1   Next: 16%
Magic:  3/3        EV: 12    Int: 13    God:
Gold:   7          SH:  0    Dex: 11    Spells: 3/4 levels left

rFire   . . .      SeeInvis .    e - staff of cold
rCold   + . .      Faith    .    (no shield)
rNeg    . . .      Spirit   .    (body armour unavailable)
rPois   .          Reflect  .    (helmet restricted)
rElec   .          Harm     .    (no cloak)
rCorr   .          Rampage  .    (no gloves)
Will    .....                    (no boots)
Stlth   +.........               (no amulet)
HPRegen 0.22/turn                (no ring)
MPRegen 0.08/turn                (no ring)

@: no status effects
A: AC +4, unfitting armour, cold-blooded
a: no special abilities


You were on level 2 of the Dungeon.
You visited 1 branch of the dungeon, and saw 2 of its levels.

You collected 7 gold pieces.

Inventory:

Hand Weapons
 c - a +0 spear
Armour
 d - a +0 robe
Magical Staves
 e - a staff of cold (weapon)
Potions
 a - a potion of lignification
 b - a potion of heal wounds {unknown}


   Skills:
 + Level 1.1 Fighting
 + Level 1.9 Dodging
 + Level 3.0 Unarmed Combat
 + Level 2.0 Spellcasting
 + Level 2.0 Transmutations


You had 3 spell levels left.
You knew the following spells:

 Your Spells              Type           Power      Damage    Failure   Level
a - Beastly Appendage     Tmut           12%        N/A       11%         1

Your spell library contained the following spells:

 Spells                   Type           Power      Damage    Failure   Level
 Wereblood                Tmut           6%         N/A       17%         2
 Spider Form              Tmut/Pois      3%         N/A       45%         3
 Ice Form                 Ice/Tmut       5%         N/A       86%         4


Dungeon Overview and Level Annotations

Branches:
Dungeon (2/15)

Altars:


Innate Abilities, Weirdness & Mutations

Your plain brown scales are hard. (AC +4)
You cannot fit into any form of body armour.
You are cold-blooded and may be slowed by cold attacks.


Message History

You hit the endoplasm.
You kill the endoplasm!
Found 7 gold pieces.
Found a stone staircase leading down.
Found 3 stones.
A worm comes into view.
Found a scroll labelled TIWEPNE WULUBLOHI.
You see here 7 gold pieces.
Found a robe.
You see here 7 gold pieces.
You now have 7 gold pieces.
Hit: e) staff of cold
Press: ? - help, Dir - move target
Okay, then.
You hit the worm.
The worm is lightly wounded.
The worm closely misses you.
You hit the worm.
The worm is lightly wounded.
Hit: e) staff of cold
Press: ? - help, Dir - move target, f - worm
Aim: a worm (lightly wounded, about 22% to evade your staff of cold)
You barely miss the worm.
The worm is lightly wounded.
The worm misses you.
Hit: e) staff of cold
Press: ? - help, Dir - move target, f/p - worm
Aim: a worm (lightly wounded, about 22% to evade your staff of cold)
You barely miss the worm. You tail-slap the worm.
The worm is moderately wounded.
The worm bites you!
Ouch! That really hurt!
Hit: e) staff of cold
Press: ? - help, Dir - move target, f/p - worm
Aim: a worm (lightly wounded, about 22% to evade your staff of cold)
You hit the worm.
The worm is moderately wounded.
The worm bites you!
Ouch! That really hurt!
You die...

........?.
..........
.(.......
.........
#>.....[.
#........ #.# #.#
#w# #.# #@# #.#
#.# #.# #.# #.#
#.# #.# #.# ###.#
#.# #...#
#.#########.#<#
#...........#...#
#.###########.#.#


You could see a worm.

Vanquished Creatures
  An endoplasm (D:2)
1 creature vanquished.

Notes
Turn   | Place    | Note
-------+----------+-------------------------------------------
     0 | D:1      | PapaRoan the Draconian Transmuter began the quest for the
                  | Orb.
     0 | D:1      | Reached XP level 1. HP: 16/16 MP: 3/3
   167 | D:2      | Slain by a worm

Illustrated notes

Levels and vault maps discovered:
D:1:      matt_arrival_diagonals, layout_basic, serial_shops,
          nicolae_shop_statue_plus, ebering_ecumenical_altar_sacrificial,
          minivault_27, chequers_jeans
D:2:      layout_basic

Action                   || total
-------------------------++-------
Melee: Staff             ||     9
       Tailslap          ||     1
 Cast: Beastly Appendage ||     1
Dodge: Dodged            ||     5

Table legend: (Time is in decaauts)
 A = Elapsed time spent in this place.
 B = Non-inter-level travel time spent in this place.
 C = Inter-level travel time spent in this place.
 D = Time resting spent in this place.
 E = Time spent auto-exploring this place.
 F = Levels seen in this place.
 G = Mean time per level.
                   A        B        C        D        E       F      G
               +--------+--------+--------+--------+--------+-----+--------+
         Total |    167 |    167 |      0 |      0 |     31 |   2 |   83.5 |
       Dungeon |    167 |    167 |      0 |      0 |     31 |   2 |   83.5 |
               +--------+--------+--------+--------+--------+-----+--------+

Top non-repeatable levels by time:
     D:1: 118 daAuts
     D:2: 49 daAuts
